 Dungeon Crawl Stone Soup version 0.31.0-12-g77e489cdc1 (webtiles) character file.

Game seed: 2370141217164910263

1798 Silvore the Slasher (level 8, -5/64 HPs)
             Began as a Demonspawn Fighter on Feb 21, 2024.
             Slain by a gnoll
             ... wielding a +1 vampiric halberd
             ... led by a gnoll bouda
              (8 damage)
             ... on level 6 of the Dungeon.
             The game lasted 00:09:41 (5893 turns).

Silvore the Slasher (Demonspawn Fighter)            Turns: 5893, Time: 00:09:42

Health: -5/64      AC: 20    Str: 23    XL:     8   Next: 83%
Magic:  8/8        EV:  5    Int: 16    God:
Gold:   268        SH: 11    Dex: 15    Spells: 7/7 levels left

rFire   + + .        a - +0 long sword
rCold   x x x        e - +1 kite shield of Cloud Cover {Str+3 Int+3}
rNeg    + . .        j - +6 plate armour "Ymiosil" {rC- rN+ Str+3 Int+5}
rPois   .            p - +1 helmet
rElec   .            (no cloak)
rCorr   .            (no gloves)
SInv    .            (no boots)
Will    .....        (no amulet) Stlth
                     q - ring of fire
HPRegen 0.30/turn    k - ring of fire
MPRegen 0.11/turn

%: no passive effects
@: no status effects
A: demonic magic 2, demonic touch 2
a: no special abilities


You were on level 6 of the Dungeon.
You visited 2 branches of the dungeon, and saw 7 of its levels.
You also visited: Sewer and Ossuary.

You collected 268 gold pieces.

Inventory:

Hand Weapons
 a - a +0 long sword (weapon)
Armour
 b - a +0 scale mail
 c - a +0 buckler
 e - the +1 kite shield of Cloud Cover (worn) {Str+3 Int+3}
   (You acquired it on level 1 of the Dungeon)

   Str+3:     It affects your strength (+3).
   Int+3:     It affects your intelligence (+3).
 g - a +0 plate armour
 j - the +6 plate armour "Ymiosil" (worn) {rC- rN+ Str+3 Int+5}
   (You found it on level 3 of the Dungeon)

   Str+3:     It affects your strength (+3).
   Int+5:     It affects your intelligence (+5).
   rC-:       It makes you vulnerable to cold.
   rN+:       It protects you from negative energy.
 p - a +1 helmet (worn)
Jewellery
 k - a ring of fire (right hand)
 q - a ring of fire (left hand)
Wands
 l - a wand of charming (5)
Scrolls
 i - 4 scrolls of teleportation
 o - 2 scrolls of poison
 r - a scroll of amnesia
 u - a scroll of immolation
 v - a scroll of silence
Potions
 d - 2 potions of degeneration
 f - 3 potions of attraction
 h - 2 potions of enlightenment
 m - 4 potions of curing
 n - a potion of cancellation
 s - a potion of heal wounds
 t - 2 potions of lignification
 w - a potion of mutation {unknown}
 x - a potion of brilliance {unknown}


   Skills:
 + Level 5.9 Fighting
 + Level 7.1 Long Blades
 + Level 4.8 Armour
 + Level 0.4 Dodging
 + Level 5.5 Shields


You had 7 spell levels left.
You didn't know any spells.
Your spell library contained the following spells:

 Spells                   Type           Power      Damage    Failure   Level
 Magic Dart               Conj           0%         1d3       100%        1
 Shock                    Conj/Air       0%         1d3       100%        1
 Summon Small Mammal      Summ           0%         N/A       100%        1
 Blink                    Tloc           0%         N/A       100%        2
 Call Imp                 Summ           0%         N/A       100%        2
 Searing Ray              Conj           0%         2d4       100%        2
 Call Canine Familiar     Summ           0%         N/A       100%        3
 Dazzling Flash           Conj/Hex       0%         N/A       100%        3
 Mephitic Cloud           Conj/Alch/Air  0%         N/A       100%        3
 Swiftness                Air            0%         N/A       100%        3
 Airstrike                Air            0%         2d(0-16)  100%        4
 Fulminant Prism          Conj/Alch      0%         3d5       100%        4
 Summon Blazeheart Golem  Fire/Summ      0%         N/A       100%        4
 Curse of Agony           Necr           0%         N/A       100%        5
 Silence                  Hex/Air        0%         N/A       100%        5


Dungeon Overview and Level Annotations

Branches:
Dungeon (6/15)             Temple (1/1) D:4           Sewer (visited)
Ossuary (visited)

Altars:
Ashenzari
Cheibriados
Dithmenos
Fedhas
Gozag
Hepliaklqana
Kikubaaqudgha
Makhleb
Nemelex Xobeh
Ru
Sif Muna
Uskayaw
Vehumet
Wu Jian
Xom

Shops:
D:3 *(*=


Innate Abilities, Weirdness & Mutations

Spells you cast may paralyse nearby enemies.
Your touch may inflict irresistible damage on your foes.


Message History

The gnoll is lightly wounded.
You block the gnoll bouda's attack.
The gnoll hits you but does no damage. x2
You block the gnoll's attack.
You completely miss the gnoll.
The gnoll is lightly wounded.
The gnoll is no longer moving quickly.
The gnoll bouda hits you but does no damage.
The gnoll hits you with a +1 vampiric halberd!
You block the gnoll's attack. The gnoll hits you with a +0 whip.
The gnoll bouda barks out a call to the hunt!
The gnoll picks up the pace!
Unknown command.
You hit the gnoll.
The gnoll is moderately wounded.
The gnoll barely misses you.
The gnoll hits you from afar with a +0 halberd!
* * * LOW HITPOINT WARNING * * *
The gnoll hits you but does no damage. You block the gnoll bouda's attack.
You block the gnoll's attack.
You hit the gnoll but do no damage.
The gnoll is moderately wounded.
The gnoll hits you from afar with a +0 halberd.
* * * LOW HITPOINT WARNING * * *
The gnoll hits you but does no damage. You block the gnoll bouda's attack.
You block the gnoll's attack.
The gnoll hits you from afar with a +0 halberd!
* * * LOW HITPOINT WARNING * * *
You hit the gnoll.
The gnoll is severely wounded.
The gnoll is no longer moving quickly.
The gnoll hits you but does no damage.
The gnoll bouda hits you but does no damage.
You block the gnoll's attack. x2
You hit the gnoll.
The gnoll is severely wounded.
Your attacks no longer feel as feeble.
You block the gnoll's attack.
The gnoll bouda barks out a call to the hunt!
The gnoll picks up the pace!
The gnoll hits you with a +1 vampiric halberd!
You die...

..........
#.........
#........
#.......
#.....#
######.....#
#......g...#
#....g@....#
#.<....g...#
#....g#'####
#######....#
#.....#
#.....#
######.######
#..#...####.#
#...#.......#


You could see a gnoll bouda and 3 gnolls.

Vanquished Creatures
  A water moccasin (D:5)
  An ice beast (D:5)
  Pargi (Sewer)
  A sky beast (D:4)
  A weeping skull (Ossuary)
  2 brain worms (Sewer)
  8 water moccasin zombies (Ossuary)
  3 crimson imps (D:4)
  3 orc priests (D:5)
  3 bombardier beetles (D:4)
  A spectral scorpion (Ossuary)
  3 hounds
  4 orc wizards
  A crocodile zombie (Ossuary)
  2 mummies (Ossuary)
  4 adders
  2 gnolls (D:6)
  2 shadow imps (D:4)
  A white imp (D:4)
  2 ufetubi (D:5)
  3 adder zombies (Ossuary)
  5 ribbon worms
  4 dart slugs
  11 orcs
  5 ball pythons
  9 endoplasms
  6 giant cockroaches
  6 gnoll zombies (Ossuary)
  10 goblins
  9 hobgoblins
  13 jackals
  5 quokkas
  4 bats
  6 frilled lizards
  3 jackal zombies (Ossuary)
  15 kobolds
  3 orc zombies (Ossuary)
  A quokka zombie (D:5)
  6 rats
  A rat zombie (D:5)
171 creatures vanquished.

Notes
Turn   | Place    | Note
-------+----------+-------------------------------------------
     0 | D:1      | Silvore the Demonspawn Fighter began the quest for the Orb.
     0 | D:1      | Reached XP level 1. HP: 18/18 MP: 1/1
    78 | D:1      | Gained mutation: Your touch may inflict minor irresistible
                  | damage on your foes. [demonic ancestry]
    78 | D:1      | Reached XP level 2. HP: 8/24 MP: 2/2
   252 | D:1      | Reached skill level 2 in Long Blades
   344 | D:1      | Reached XP level 3. HP: 26/29 MP: 3/3
   833 | D:1      | Identified a scroll of acquirement
   833 | D:1      | Acquired the +1 kite shield of Cloud Cover {Str+3 Int+3}
  1718 | D:3      | Identified the +6 plate armour "Ymiosil" {rC- rN+ Str+3
                  | Int+5}
  1728 | D:3      | Reached XP level 4. HP: 35/35 MP: 4/4
  1819 | D:3      | Found Fokum's Weapon Boutique.
  1821 | D:3      | Found Errexea's Assorted Antiques.
  1857 | D:3      | Found Genytoty's Jewellery Shop.
  1924 | D:3      | Found Cabrof's Assorted Antiques.
  1949 | D:3      | You fall into a shaft and drop 1 floor!
  2196 | D:3      | Reached skill level 3 in Long Blades
  2209 | D:3      | Found a glowing drain.
  2213 | Sewer    | Entered a sewer
  2220 | Sewer    | Noticed a brain worm
  2236 | Sewer    | Killed a brain worm
  2237 | Sewer    | Gained mutation: Your touch may inflict irresistible damage
                  | on your foes. [demonic ancestry]
  2237 | Sewer    | Reached XP level 5. HP: 2/42 MP: 0/5
  2488 | Sewer    | Noticed Pargi
  2521 | Sewer    | Killed Pargi
  2522 | Sewer    | Reached skill level 4 in Long Blades
  2522 | Sewer    | Gained mutation: Spells you cast may paralyse adjacent
                  | enemies. [demonic ancestry]
  2522 | Sewer    | Reached XP level 6. HP: 25/48 MP: 6/6
  3026 | D:4      | Found a blossoming altar of Fedhas.
  3084 | D:4      | Noticed a sky beast
  3114 | D:4      | Killed a sky beast
  3175 | D:4      | Found a staircase to the Ecumenical Temple.
  3213 | Temple   | Entered the Ecumenical Temple
  3514 | D:4      | Gained mutation: Spells you cast may paralyse nearby
                  | enemies. [demonic ancestry]
  3514 | D:4      | Reached XP level 7. HP: 45/54 MP: 7/7
  3836 | D:4      | Reached skill level 5 in Long Blades
  3967 | D:4      | Found a shimmering altar of Xom.
  4210 | D:4      | Found a sparkling altar of Nemelex Xobeh.
  4210 | D:4      | Found a hide-covered altar of Uskayaw.
  4258 | D:5      | Entered Level 5 of the Dungeon
  4275 | D:5      | Found a sand-covered staircase.
  4283 | Ossuary  | Entered an ossuary
  4428 | Ossuary  | Reached skill level 5 in Fighting
  4428 | Ossuary  | Reached XP level 8. HP: 36/62 MP: 8/8
  4477 | Ossuary  | Reached skill level 6 in Long Blades
  4571 | Ossuary  | Reached skill level 5 in Shields
  5419 | D:5      | Reached skill level 7 in Long Blades
  5891 | D:6      | HP: 3/64 [gnoll/+0 halberd[a gnoll bouda] (7)]
  5893 | D:6      | Slain by a gnoll

Illustrated notes

Levels and vault maps discovered:
D:1:      onia_arrival_mini_spirals, layout_rooms, dk_noncrumbling_4,
          minmay_misc_feat_square, nicolae_titane
D:2:      layout_loops_ring, minmay_fountain_box, grunt_ministairs_6
D:3:      layout_rooms, gup_sewer_entry_spiral, serial_shops, shop,
          nicolae_shop_pleasant_corner_grove, shop, shop,
          corexii_hall_statues_i, minmay_fractal_squares_5
D:4:      layout_loops_ring, fedhas_altar_3, minitemple, led_xom_imps,
          minmay_temple_entry_slanted, corexii_corridor_pit,
          minmay_fire_ice_demons
D:5:      layout_loops_corners, enter_ossuary_4
D:6:      layout_gridville
Temple:   nicolae_temple_ecumenical_triangle

Skill      XL: |  1  2  3  4  5  6  7  8 |
---------------+-------------------------+-----
Armour         | 3 4 |  4.8
Long Blades    | 2 3 4 5 7 |  7.1
Shields        | 3 4 5 |  5.5
Fighting       | 4 5 |  5.9
Dodging        | |  0.4

Action                     |  1- 3 |  4- 6 |  7- 9 || total
---------------------------+-------+-------+-------++-------
  Melee: Long sword        |   180 |   253 |   472 ||   905
    Use: Scroll            |     7 |     4 |     6 ||    17
         Potion            |       |     1 |       ||     1
 Armour: Scale mail        |   149 |       |       ||   149
         Plate armour      |    14 |   208 |   401 ||   623
  Dodge: Dodged            |    83 |    64 |    96 ||   243
  Block: Buckler           |    28 |       |       ||    28
         Kite shield       |    65 |   182 |   306 ||   553
